 Dungeon Crawl Stone Soup version 0.31.0-32-g396128a36d (webtiles) character file.

Game seed: 7005452809109290296

75 Fractals the Changeling (level 4, -2/37 HPs)
             Began as a Draconian Shapeshifter on Mar 29, 2024.
             Slain by a gnoll
             ... wielding a +3 halberd
              (13 damage)
             ... on level 2 of the Dungeon.
             The game lasted 00:04:25 (1471 turns).

Fractals the Changeling (Draconian Shapeshifter)    Turns: 1471, Time: 00:04:25

Health: -2/37      AC:  5    Str: 18    XL:     4   Next: 11%
Magic:  4/4        EV: 12    Int: 10    God:
Gold:   129        SH:  0    Dex: 11    Spells: 3/3 levels left

rFire   . .          .
                       - Unarmed
rCold   . . .        (no shield)
rNeg    . . .        (body armour unavailable)
rPois   .            (helmet currently unavailable)
rElec   .            (cloak currently unavailable)
rCorr   .            (gloves currently unavailable)
SInv    .            h - melded +2 pair of boots
Will    .....        (no amulet)
Stlth   +            (no ring)
HPRegen 0.26/turn    (no ring)
MPRegen 0.09/turn

%: no passive effects
@: beast-form
A: beast (slay +2), AC +5, unfitting armour, cold-blooded
a: Begin Untransformation


You were on level 2 of the Dungeon.
You were a hulking beast.
You visited 1 branch of the dungeon, and saw 3 of its levels.

You collected 129 gold pieces.

Inventory:

Armour
 h - a +2 pair of boots (melded)
Jewellery
 i - a ring of fire
 l - a +6 ring of dexterity
Talismans
 b - a beast talisman (active)
 c - a flux talisman
Scrolls
 d - 3 scrolls of identify
 e - 2 scrolls of teleportation {unknown}
 g - a scroll of brand weapon {unknown}
 j - a scroll of poison {unknown}
 m - 3 scrolls of revelation {unknown}
Potions
 a - a potion of lignification
 f - 2 potions of curing
 k - a potion of mutation {unknown}
 n - a potion of attraction {unknown}


   Skills:
 + Level 2.7 Fighting
 + Level 2.5 Dodging
 - Level 3.0 Unarmed Combat
 + Level 3.6 Shapeshifting


You had 3 spell levels left.
You didn't know any spells.
Your spell library contained the following spells:

 Spells                   Type           Power      Damage    Failure   Level
 Freeze                   Ice            0%         1d3       36%         1
 Frozen Ramparts          Ice            0%         1d1       75%         3
 Hailstorm                Conj/Ice       0%         3d5       75%         3
 Ozocubu's Armour         Ice            0%         N/A       75%         3
 Metabolic Englaciation   Hex/Ice        0%         N/A       100%        5
 Sculpt Simulacrum        Ice/Alch       0%         N/A       100%        6


Dungeon Overview and Level Annotations

Branches:
Dungeon (3/15)

Altars:
Elyvilon
Fedhas
Hepliaklqana
Wu Jian

Annotations:
D:2 Terence


Innate Abilities, Weirdness & Mutations

You are a hulking beast.
Your limbs bulge with bestial killing power. (Slay +2)
Your plain brown scales are hard. (AC +5)
You cannot fit into any form of body armour.
You are cold-blooded and may be slowed by cold attacks.


Message History

You hit the hobgoblin.
The hobgoblin is almost dead.
The hobgoblin hits you but does no damage.
You closely miss the hobgoblin. You tail-slap the hobgoblin.
You kill the hobgoblin!
No target in view!
You see here a hobgoblin corpse.
Things that are here:
a +0 club; a goblin corpse A quokka comes into view.
You closely miss the quokka. You tail-slap the quokka.
The quokka is almost dead.
The quokka bites you but does no damage.
You closely miss the quokka.
Your tail-slap misses the quokka.
The quokka is almost dead.
The quokka closely misses you.
You barely miss the quokka. You tail-slap the quokka.
You kill the quokka!
You now have 129 gold pieces (gained 15).
Things that are here:
a +0 dagger; a goblin corpse The gnoll shouts!
There is an open door here.
A gnoll is nearby!
The gnoll shouts!
There is an open door here.
The gnoll hits you from afar with a +3 halberd!
The gnoll hits you with a +3 halberd!
The gnoll shouts!
You hit the gnoll.
The gnoll is moderately wounded.
The gnoll hits you with a +3 halberd!
* * * LOW HITPOINT WARNING * * *
You hit the gnoll.
You tail-slap the gnoll, but do no damage.
The gnoll is heavily wounded.
The gnoll closely misses you.
Unknown command.
The gnoll hits you from afar with a +3 halberd!
You die...

#...# #...#
#......# #.†.#
#...# #.######
##.## #...#
#.# #.# #...#
#.# #.# ##'##
#.# ##.# #g#
#.# ...# #.#
#.# ####
#g########.###
#..h.........#
##############


You could see a gnoll.

Vanquished Creatures
  Jessica (D:2)
  An adder (D:2)
  A ribbon worm (D:2)
  An orc (D:3)
  2 endoplasms (D:2)
  A giant cockroach (D:1)
  5 goblins
  8 hobgoblins
  3 quokkas
  4 ball pythons
  4 bats
  A frilled lizard (D:1)
  4 rats
36 creatures vanquished.

Notes
Turn   | Place    | Note
-------+----------+-------------------------------------------
     0 | D:1      | Fractals the Draconian Shapeshifter began the quest for the
                  | Orb.
     0 | D:1      | Reached XP level 1. HP: 16/16 MP: 1/1
   225 | D:1      | Reached XP level 2. HP: 24/24 MP: 2/2
   492 | D:2      | Noticed Terence
   493 | D:2      | Noticed Jessica
   884 | D:2      | Reached XP level 3. HP: 25/29 MP: 3/3
   937 | D:2      | Killed Jessica
  1128 | D:3      | Found a hazy altar of Hepliaklqana.
  1132 | D:3      | Found a blossoming altar of Fedhas.
  1151 | D:3      | Found a white marble altar of Elyvilon.
  1154 | D:3      | Found an ornate altar of the Wu Jian Council.
  1242 | D:3      | Reached XP level 4. HP: 37/37 MP: 4/4
  1308 | D:3      | Found a faded altar of an unknown god.
  1471 | D:2      | Slain by a gnoll

Illustrated notes

Levels and vault maps discovered:
D:1:      roderic_crop_circles_arrival_small, layout_rooms,
          hangedman_decor_growths, minmay_misc_feat_four_crosses
D:2:      layout_basic, uniq_jessica, uniq_crazy_yiuf_cottage, uniq_terence
D:3:      wad_lake_hut, layout_loops_ring, makhleb_altar_promises_db,
          nicolae_overflow_macrodata_refinement,
          hellmonk_ecumenical_altar_leap_of_faith, minmay_ogre_servants,
          uniq_robin

Skill      XL: |  1  2 |
---------------+-------+-----
Dodging        | 2 |  2.5
Fighting       | 2 |  2.7
Unarmed Combat | |  3.0
Shapeshifting  | |  3.6

Action                     |  1- 3 |  4- 6 || total
---------------------------+-------+-------++-------
  Melee: Unarmed           |    99 |    14 ||   113
         Tailslap          |     9 |     5 ||    14
    Use: Scroll            |     1 |       ||     1
   Stab: Sleeping          |     1 |       ||     1
 Armour: Skin              |    40 |    10 ||    50
  Dodge: Dodged            |    44 |     4 ||    48
   Form: Beast             |     2 |       ||     2
         Flux              |     1 |       ||     1
